 Dungeon Crawl Stone Soup version 0.27-a0-681-g0c81a3c1c3 (webtiles) character file.

Game seed: 1738990308986915600

175 robertstho the Ruffian (level 5, 0/36 HPs)
             Began as an Octopode Berserker on Mar 19, 2021.
             Was a Priest of Trog.
             Killed from afar by an orc wizard (9 damage)
             ... with a magic dart
             ... on level 4 of the Dungeon.
             The game lasted 00:03:29 (3544 turns).

robertstho the Ruffian (Octopode Berserker)         Turns: 3544, Time: 00:03:29

Health: 0/36       AC:  1    Str: 17    XL:     5   Next: 55%
Magic:  5/5        EV: 14    Int:  9    God:    Trog [***...]
Gold:   32         SH:  0    Dex: 12    Spells: 4/4 levels left

rFire    . . .     SeeInvis .     - Unarmed
rCold    . . .     Faith    .   (no shield)
rNeg     . . .     Spirit   .   (helmet restricted)
rPois    +         Reflect  .   (no amulet)
rElec    .         Harm     .   h - ring of poison resistance
rCorr    .         Rampage  .   (no ring)
Will     .....                  (no ring)
Stlth    ++........             (no ring)
HPRegen  0.12/turn              (no ring)
MPRegen  0.09/turn              (no ring)
                                (no ring)
                                (no ring)

@: confused, berserk cooldown, slowed, very slow
A: almost no armour, amphibious, 8 rings, camouflage 1, gelatinous body 1,
nimble swimmer 1, tentacles
a: Renounce Religion, Berserk, Trog's Hand


You were on level 4 of the Dungeon.
You worshipped Trog.
Trog was most pleased with you.
You visited 1 branch of the dungeon, and saw 4 of its levels.

You collected 42 gold pieces.
You spent 10 gold pieces at shops.

Inventory:

Jewellery
 h - a ring of poison resistance (left tentacle)
Scrolls
 c - a scroll of immolation
 e - a scroll of noise {unknown}
 f - a scroll of fog
 j - a scroll of amnesia {unknown}
 k - a scroll of enchant armour {unknown}
 l - a scroll of teleportation
Potions
 a - a potion of might
 d - a potion of lignification {unknown}
 g - 3 potions of curing {unknown}
 i - a potion of mutation


   Skills:
 * Level 3.5 Fighting
 * Level 3.9 Dodging
 * Level 3.3 Stealth
 * Level 4.4 Unarmed Combat


You had 4 spell levels left.
You didn't know any spells.
Your spell library was empty.

Dungeon Overview and Level Annotations

Branches:
Dungeon (4/15)
 Temple: D:4-7

Altars:
Trog
Yredelemnul
Zin

Shops:
D:3 !

Annotations:
D:3 potion shop


Innate Abilities, Weirdness & Mutations

You cannot wear most types of armour.
You are amphibious.
You can wear up to eight rings at the same time.
Your skin changes colour to match your surroundings (Stealth+).
Your rubbery body absorbs attacks. (AC +1, EV +1)
You are stealthy while swimming. (Stealth+)
You have tentacles for arms and can constrict up to eight enemies at once.


Message History

You bludgeon the orc!
You kill the orc!
Trog accepts your kill.
The orc priest begins to cast a cantrip, but forgets the words!
You barely miss the orc. You grab the orc. You squeeze the orc.
The orc is almost dead.
You constrict the orc.
You kill the orc!
Trog accepts your kill.
The orc priest looks satisfied for a moment.
You see here 4 boomerangs.
You closely miss the orc priest. You grab the orc priest.
You constrict the orc priest. You barely miss the orc priest.
Your squeeze misses the orc priest.
The orc priest is lightly wounded.
You constrict the orc priest.
An orc comes into view.
The orc priest calls down the wrath of Beogh upon you.
Pain shoots through your body!
An orc comes into view. It is wielding a +0 whip.
You barely miss the orc priest.
The orc priest is moderately wounded.
You constrict the orc priest.
The orc shouts! x2; You hear a shout!
An orc comes into view.
The orc priest hits you with a +0 whip!
* * * LOW HITPOINT WARNING * * *
You bludgeon the orc priest!
You kill the orc priest!
Trog accepts your kill.
You see here a +0 hand axe.
You feel a strong urge to attack something.
You are no longer berserk.
You are exhausted.
You feel yourself slow down. The orc wizard casts a spell at you.
You are confused.
The orc wizard gestures at you while chanting.
The magic dart hits you!
You die...

.........#....#
#.####........#
###.######
#......#
#.#.#.##
#.#...# #.#####
####### #.#
....... #@#
....... #.#
..o.... #.#
.......##.#
...o...(o)#
......)####
..o.... .......
.......


You could see an orc wizard.

Vanquished Creatures
  An orc priest (D:4)
  3 adders
  A shadow imp (D:3)
  An ooze (D:2)
  3 worms (D:2)
  2 dart slugs (D:1)
  A leopard gecko (D:2)
  11 orcs
  2 ball pythons (D:2)
  6 bats
  4 giant cockroaches
  9 goblins
  13 hobgoblins
  2 jackals (D:2)
  2 quokkas
  7 frilled lizards
  6 kobolds
  5 rats
79 creatures vanquished.

Notes
Turn   | Place    | Note
-------+----------+-------------------------------------------
     0 | D:1      | robertstho the Octopode Berserker began the quest for the
                  | Orb.
     0 | D:1      | Reached XP level 1. HP: 16/16 MP: 1/1
   287 | D:1      | Reached XP level 2. HP: 21/21 MP: 2/2
   806 | D:1      | Reached skill level 1 in Stealth
   806 | D:1      | Reached XP level 3. HP: 26/26 MP: 3/3
  1023 | D:2      | Found a glowing silver altar of Zin.
  1032 | D:2      | Reached ** piety under Trog
  1542 | D:2      | Found a bloodstained altar of Trog.
  1555 | D:2      | Found a basalt altar of Yredelemnul.
  1744 | D:2      | Reached XP level 4. HP: 24/31 MP: 4/4
  2741 | D:2      | Reached skill level 4 in Unarmed Combat
  3049 | D:3      | Reached *** piety under Trog
  3050 | D:3      | Reached XP level 5. HP: 36/36 MP: 5/5
  3294 | D:3      | Found Ilipraiv's Distillery.
  3299 | D:3      | Bought a potion of degeneration for 10 gold pieces
  3544 | D:4      | Killed from afar by an orc wizard

Illustrated notes

Levels and vault maps discovered:
D:1:      lightli_arrival_isolated_outpost, layout_basic
D:2:      layout_basic, old_standard_altar, minitemple
D:3:      layout_basic, serial_shops, nicolae_shop_trees,
          minmay_misc_feat_encased
D:4:      layout_basic, serial_shops, kennysheep_little_box,
          nicolae_shop_statue_plus, shop, shop, shop, uniq_menkaure

Skill      XL: |  1  2  3  4  5 |
---------------+----------------+-----
Stealth        | 1 2 3 |  3.3
Unarmed Combat | 4 |  4.4
Fighting       | |  3.5
Dodging        | |  3.9

Action                   |  1- 3 |  4- 6 || total
-------------------------+-------+-------++-------
Melee: Unarmed           |    84 |    74 ||   158
       Tentacles         |    22 |    12 ||    34
       Constrict         |    25 |    14 ||    39
       Punch             |     2 |     1 ||     3
Invok: Berserk           |     1 |     2 ||     3
  Use: Scroll            |       |     5 ||     5
 Stab: Sleeping          |    10 |     9 ||    19
Armor: Skin              |     8 |     5 ||    13
Dodge: Dodged            |    44 |    41 ||    85

Table legend: (Time is in decaauts)
 A = Elapsed time spent in this place.
 B = Non-inter-level travel time spent in this place.
 C = Inter-level travel time spent in this place.
 D = Time resting spent in this place.
 E = Time spent auto-exploring this place.
 F = Levels seen in this place.
 G = Mean time per level.
                   A        B        C        D        E       F      G
               +--------+--------+--------+--------+--------+-----+--------+
         Total |   3548 |   3476 |     72 |    527 |   2466 |   4 |  887.0 |
       Dungeon |   3548 |   3476 |     72 |    527 |   2466 |   4 |  887.0 |
               +--------+--------+--------+--------+--------+-----+--------+

Top non-repeatable levels by time:
     D:2: 1889 daAuts
     D:1: 1019 daAuts
     D:3: 608 daAuts
     D:4: 31 daAuts
